AoeStats
← Bohemonde

Enclosed

505678169Analyzed
1v1 RM · 23d ago on Sep 10, 2026· 47m 48s· 2 players
Game mode
Random Map
Map size
Tiny (2 player)
Population
200
Speed
Normal
Resources
Standard
Victory
Conquest
Starting age
Dark Age
Ending age
Imperial Age
RankedLock teamsTeams togetherTeam positionsShared explorationLock speedFull tech treeHidden civsTurbo modeCheats
Victory
Defeat
🇧🇪 Cumans · Belgium
505
+16
🇨🇴 Khmer · Colombia
499
-16
andreshernandez1995
3:45 Loom
11:23 Feudal Age
12:11 Horse Collar
12:28 Double-Bit Axe
18:01 Gold Mining
21:23 Castle Age
19:17 Stone Mining
21:35 Bloodlines
21:46 Forging
22:12 Scale Barding Armor
22:34 Bow Saw
25:05 Iron Casting
26:26 Chain Barding Armor
27:07 Wheelbarrow
26:21 Town Watch
27:03 Husbandry
26:32 Light Cavalry
28:14 Gold Shaft Mining
28:15 Stone Shaft Mining
28:44 Hand Cart
28:40 Town Patrol
32:56 Imperial Age
32:09 Fletching
33:14 Fervor
34:35 Ballistics
34:12 Murder Holes
35:00 Bodkin Arrow
35:43 Bracer
41:40 Blast Furnace
44:31 Elite Battle Elephant
44:36 Onager
47:18 Elite Skirmisher
47:27 Elite Battle Elephant
Bohemonde
0:48 Loom
13:19 Feudal Age
13:57 Double-Bit Axe
13:56 Horse Collar
15:40 Gold Mining
17:01 Forging
16:58 Scale Barding Armor
18:40 Wheelbarrow
18:52 Bloodlines
24:08 Castle Age
22:22 Town Watch
22:43 Stone Mining
26:33 Iron Casting
26:22 Chain Barding Armor
27:21 Bow Saw
27:08 Fletching
27:34 Steppe Husbandry
28:03 Heavy Plow
30:51 Hand Cart
31:14 Bodkin Arrow
32:08 Town Patrol
33:22 Gold Shaft Mining
37:48 Imperial Age
38:01 Murder Holes
38:27 Ballistics
39:43 Chemistry
38:56 Masonry
39:52 Blast Furnace
39:29 Plate Barding Armor
38:21 Elite Skirmisher
40:04 Conscription
40:30 Elite Steppe Lancer
42:50 Padded Archer Armor
Connection lost

Rejoining the realm…

Still unreachable

The connection could not be restored.

Session expired

The server has moved on; the page needs a fresh start.